 Dungeon Crawl Stone Soup version 0.22.1-1-ga44c0e56f4 (webtiles) character file.

23 Gabide the Skirmisher (level 2, -2/24 HPs)
             Began as a Demonspawn Abyssal Knight on Oct 18, 2018.
             Was a Follower of Lugonu.
             Slain by a kobold
             ... wielding a +1 short sword of electrocution
              (14 damage)
             ... on level 2 of the Dungeon.
             The game lasted 00:04:22 (1006 turns).

Gabide the Skirmisher (Demonspawn Abyssal Knight)   Turns: 1006, Time: 00:04:23

Health: -2/24      AC: 13    Str: 12    XL:     2   Next: 72%
Magic:  3/3        EV:  3    Int: 13    God:    Lugonu [*.....]
Gold:   146        SH:  0    Dex: 12    Spells: 1/1 levels left

rFire    . . .     SeeInvis .   e - +0 quarterstaff (pain)
rCold    . . .     Gourm    .   (shield currently unavailable)
rNeg     . . .     Faith    .   d - +0 plate armour
rPois    .         Spirit   .   (no helmet)
rElec    .         Reflect  .   (no cloak)
rCorr    .         Harm     .   (no gloves)
MR       .....                  (no boots)
Stlth    ..........             (no amulet)
HPRegen  0.08/turn              (no ring)
MPRegen  0.08/turn              (no ring)

@: no status effects
A: icy blue scales 1
a: Depart the Abyss, Renounce Religion


You were on level 2 of the Dungeon.
You worshipped Lugonu.
Lugonu was aware of your devotion.
You were hungry.

You visited 1 branch of the dungeon, and saw 2 of its levels.
You visited the Abyss 1 time.

You collected 146 gold pieces.

Inventory:

Hand Weapons
 a - a +1 falchion
 e - a +0 quarterstaff of pain (weapon)
Armour
 b - a +0 leather armour
 d - a +0 plate armour (worn)
Scrolls
 f - 2 scrolls of enchant weapon {unknown}
 g - a scroll of teleportation {unknown}
 h - a scroll of remove curse
 i - a scroll of enchant armour {unknown}
Potions
 j - a potion of magic {unknown}
 k - a potion of curing {unknown}
Comestibles
 c - 7 rations


   Skills:
 - Level 3.1 Fighting
 - Level 1.7 Long Blades
 - Level 1.1 Staves
 * Level 2.4 Armour
 - Level 0.8 Dodging
 + Level 0.1 Stealth
 - Level 2.4 Invocations


You had one spell level left.
You didn't know any spells.
Your spell library was empty.

Dungeon Overview and Level Annotations

Branches:
Dungeon (2/15)

Altars:
Uskayaw


Innate Abilities, Weirdness & Mutations

You are partially covered in icy blue scales. (AC +2)


Message History

You are too injured to fight recklessly!
You are too injured to fight recklessly!
You are too injured to fight recklessly!
The bat hits you but does no damage.
The kobold throws a stone.
The stone hits you but does no damage.
You see here a stone.
The bat hits you but does no damage. The bat hits you but does no damage.
You sock the bat!
You kill the bat!
Lugonu accepts your kill. The goblin hits you but does no damage.
The kobold hits you but does no damage.
You see here a bat corpse.
There is a stone staircase leading up here.
Your plate armour prevents you from hitting the kobold.
The goblin hits you but does no damage. The kobold hits you but does no damage.
You are electrocuted!
Ouch! That really hurt!
You die...

.................#..#
.................#..#
............#.....#.#
.........##.......#.#
......#.(.#........>#
......w..........####
........KK.......#
.........Kg......#
....###.#@.......#
#### #.#......###
#.#......# #.#......#
#.#.#.#.## ..#...#
#######


You could see a worm, a goblin and 3 kobolds.

Vanquished Creatures
  10 bats
  2 giant cockroaches
  5 goblins (D:1)
  2 hobgoblins (D:1)
  3 rats
22 creatures vanquished.

Notes
Turn   | Place    | Note
-------+----------+-------------------------------------------
     0 | Abyss:1  | Gabide the Demonspawn Abyssal Knight began the quest for
                  | the Orb.
     0 | Abyss:1  | Reached XP level 1. HP: 18/18 MP: 2/2
   152 | Abyss:2  | Noticed a black draconian scorcher
   155 | D:1      | Escaped the Abyss
   385 | D:1      | Reached skill level 1 in Staves
   385 | D:1      | Gained mutation: You are partially covered in icy blue
                  | scales. (AC +2) [demonic ancestry]
   385 | D:1      | Reached XP level 2. HP: 24/24 MP: 3/3
   427 | D:1      | Reached * piety under Lugonu
   928 | D:2      | Found a hide-covered altar of Uskayaw.
  1006 | D:2      | Slain by a kobold

Skill      XL: |  1  2 |
---------------+-------+-----
Staves         | 1 |  1.1
Armour         | 2 |  2.4
Fighting       | |  3.1
Long Blades    | |  1.7
Dodging        | |  0.8
Stealth        | |  0.1
Invocations    | |  2.4

Action                   || total
-------------------------++-------
Melee: Quarterstaff      ||   112
Invok: Depart the Abyss  ||     1
  Use: Scroll            ||     1
Armor: Plate armour      ||   157
Dodge: Dodged            ||    33
